 Dungeon Crawl Stone Soup version 0.29-a0-323-g050149af67 (webtiles) character file.

Game seed: 13156072140721616227

7101 Essalna the Nimble (level 11, -1/81 HPs)
             Began as a Djinni Conjurer on Apr 11, 2022.
             Was a Believer of Makhleb.
             Shot with an arrow by a centaur warrior (22 damage)
             ... on level 8 of the Dungeon.
             The game lasted 00:21:39 (10713 turns).

Essalna the Nimble (Djinni Conjurer)               Turns: 10713, Time: 00:21:40

Health: -1/81      AC:  5    Str:  6    XL:     11   Next: 31%
Gold:   500        EV: 30    Int: 30    God:    Makhleb [**....] SH:  0 Dex: 12

rFire   + + .      SeeInvis .   L - +0 quarterstaff (spect)
rCold   . . .      Faith    .   (shield currently unavailable)
rNeg    . . .      Spirit   .   a - +0 robe
rPois   ∞          Reflect  .   D - +0 helmet
rElec   .          Harm     .   (no cloak)
rCorr   .          Rampage  .   i - +0 pair of gloves
Will    +....                   (boots unavailable)
Stlth   ++........              e - amulet of the acrobat
HPRegen 0.23/turn               E - ring of protection from cold
MPRegen 0.00/turn               C - +6 ring of intelligence

@: acrobatic, flying
A: sickness immunity, fire resistance 2, cold vulnerability 1, float, innate
caster, HP casting, extra vitality 1
a: Renounce Religion, Minor Destruction


You were on level 8 of the Dungeon.
You worshipped Makhleb.
Makhleb was pleased with you.
You visited 2 branches of the dungeon, and saw 9 of its levels.

You collected 500 gold pieces.

Inventory:

Hand Weapons
 K - a +0 flail
 L - a +0 spectral quarterstaff (weapon)
Missiles
 G - a throwing net
Armour
 a - a +0 robe (worn)
 i - a +0 pair of gloves (worn)
 D - a +0 helmet (worn)
Jewellery
 b - a ring of wizardry
 e - an amulet of the acrobat (around neck)
 x - a ring of wizardry
 C - a +6 ring of intelligence (right hand)
 E - a ring of protection from cold (left hand)
Wands
 H - a wand of mindburst (18)
 I - a wand of paralysis (7)
 J - a wand of flame (11)
Scrolls
 j - a scroll of immolation {unknown}
 k - a scroll of fear {unknown}
 l - 4 scrolls of magic mapping {unknown}
 p - 6 scrolls of vulnerability {unknown}
 q - a scroll of enchant weapon {unknown}
 r - 3 scrolls of holy word {unknown}
 s - 2 scrolls of amnesia {unknown}
 t - a scroll of summoning {unknown}
 v - 4 scrolls of teleportation {unknown}
 w - 2 scrolls of noise {unknown}
 y - a scroll of enchant armour {unknown}
 A - 4 scrolls of identify {unknown}
 F - a scroll of fog {unknown}
Potions
 c - 7 potions of curing
 d - 3 potions of cancellation {unknown}
 f - 2 potions of haste {unknown}
 g - 8 potions of heal wounds {unknown}
 h - 4 potions of degeneration {unknown}
 m - a potion of magic {unknown}
 n - a potion of berserk rage {unknown}
 o - 3 potions of flight {unknown}
 u - a potion of lignification {unknown}
 z - 2 potions of mutation {unknown}
 B - a potion of might {unknown}


   Skills:
 + Level 8.0 Fighting
 + Level 8.0 Armour
 + Level 9.2 Dodging
 - Level 1.5 Stealth
 + Level 7.9 Spellcasting


You couldn't memorise any spells.
You knew the following spells:

 Your Spells              Type           Power      Damage    Failure   Level
a - Magic Dart            Conj           100%       1d8       1%          1
b - Searing Ray           Conj           100%       2d8       1%          2
c - Dazzling Flash        Conj/Hex       100%       N/A       1%          3
d - Fulminant Prism       Conj/Hex       28%        3d14      1%          4
e - Iskenderun's Mystic   Conj/Tloc      56%        2d12      1%          4
f - Sting                 Tmut/Pois      100%       1d8       1%          1
g - Corpse Rot            Necr/Air       100%       N/A       1%          2
h - Teleport Other        Tloc           56%        N/A       1%          3
i - Olgreb's Toxic Radia  Pois           56%        N/A       1%          4
j - Borgnjor's Vile Clut  Necr/Erth      28%        N/A       4%          5
Your spell library was empty.

Dungeon Overview and Level Annotations

Branches:
Dungeon (8/15)             Temple (1/1) D:6
   Lair: D:8-11

Altars:
Fedhas
Hepliaklqana
Kikubaaqudgha
Makhleb
Nemelex Xobeh
Okawaru
Ru
Sif Muna
Uskayaw
Vehumet
Wu Jian
Xom
Zin


Innate Abilities, Weirdness & Mutations

You are immune to sickness and miasma.
You are immune to poison.
Your flesh is very heat resistant. (rF++)
You are vulnerable to cold. (rC-)
You float through the air rather than walking.
You learn spells naturally, not from books.
Your magical power is your life essence.
You have superior vitality. (+4 MHP)


Message History

Casting: Olgreb's Toxic Radiance (dangerous; 1% risk of failure)
Confirm with . or Enter, or press ? or * to list all spells.
Aiming: Magic Dart (safe; 1% risk of failure)
Press: ? - help, Shift-Dir - straight line, f/p - steam dragon
Aim: a steam dragon (almost dead, very poisoned, 100% to hit)
The magic dart hits the steam dragon.
You kill the steam dragon!
Makhleb accepts your kill.
You feel better.
Items here: " ))) [ ††.
L - a +0 spectral quarterstaff You feel a bond with your +0 spectral quarterstaff.
L - a +0 spectral quarterstaff (weapon)
A centaur warrior comes into view.
It is wielding the +1 falchion "Jodwe" {venom, *Corrode Str+5}.
Casting: Magic Dart (safe; 1% risk of failure)
Confirm with . or Enter, or press ? or * to list all spells.
You can't see any susceptible monsters within range! (Use Z to cast anyway.) Unknown command.
Unknown command.
Casting: Magic Dart (safe; 1% risk of failure)
Confirm with . or Enter, or press ? or * to list all spells.
You can't see any susceptible monsters within range! (Use Z to cast anyway.)
Casting: Magic Dart (safe; 1% risk of failure)
Confirm with . or Enter, or press ? or * to list all spells.
You begin to radiate toxic energy.
The centaur warrior shouts!
The centaur warrior is poisoned.
The centaur warrior unwields the +1 falchion "Jodwe" {venom, *Corrode Str+5}.
It stops dripping with poison.
The centaur warrior wields a +0 longbow.
The centaur warrior shoots an arrow.
The arrow hits you!
The centaur warrior shoots an arrow.
The arrow hits you!
Casting: Olgreb's Toxic Radiance (dangerous; 1% risk of failure)
Confirm with . or Enter, or press ? or * to list all spells.
Okay, then.
Your toxic aura wanes.
The centaur warrior shoots an arrow.
The arrow hits you!!
* * * LOW HITPOINT WARNING * * *
The centaur warrior shoots an arrow.
The arrow hits you!!
You die...

##### # #.... .#.# ### ### #.###
.#.# #.. ..# #.# .#.###.# #.# #.#
# .......#########.##### #.###
.#.##..#.............# ##....
.#.##..#.#######.###.## #..###
.#.##.......####@##...######..'≈≈
.#.###.#.##.......#.#.........#≈.
.#.# #.#.##..##...#.).######..#≈§
.#.###)#.c.....".))#### #..#≈≈
..........###.###...########..###
.........##.....##.....[<.).)....
#.......##.#####.##..(######....#
####.####.#.....#.##..# #.##).
.#.....#.#..###..#†#..# #.##.#


You could see a centaur warrior (poisoned).

Vanquished Creatures
  A two-headed ogre (D:8)
  Erica (D:8)
  Pikel (D:8)
  Joseph (D:8)
  A cyclops (D:8)
  Maurice (D:8)
  A kobold demonologist (D:8)
  A wraith (D:8)
  2 yaks (D:8)
  2 steam dragons (D:8)
  A water moccasin (D:8)
  2 orc warriors
  5 ice beasts
  3 sky beasts
  An ogre (D:6)
  2 lemures (D:8)
  A centaur (D:8)
  A kobold brigand (D:8)
  8 bullfrogs
  3 necrophages
  3 scorpions
  8 wights (D:7)
  A killer bee (D:8)
  4 howler monkeys
  3 jellies
  3 hounds
  A gnoll shaman (D:8)
  3 orc priests
  An iguana (D:4)
  6 orc wizards
  11 adders
  13 gnolls
  3 ufetubi
  A worm (D:3)
  A dart slug (D:4)
  21 orcs
  8 endoplasms
  6 giant cockroaches
  6 goblins
  2 hobgoblins
  3 jackals (D:4)
  7 kobolds
  4 quokkas
  12 ball pythons
  4 bats
  12 frilled lizards
  3 rats
189 creatures vanquished.

Notes
Turn   | Place    | Note
-------+----------+-------------------------------------------
     0 | D:1      | Essalna the Djinni Conjurer began the quest for the Orb.
     0 | D:1      | Reached XP level 1. HP: 15/15 MP: 0/0
   296 | D:1      | Reached XP level 2. HP: 19/21 MP: 0/0
   655 | D:1      | Found a faded altar of an unknown god.
  1008 | D:2      | Reached XP level 3. HP: 21/25 MP: 0/0
  1008 | D:2      | Learned a level 1 spell: Sting
  1476 | D:2      | Reached XP level 4. HP: 17/31 MP: 0/0
  2409 | D:3      | Reached XP level 5. HP: 28/35 MP: 0/0
  2409 | D:3      | Learned a level 2 spell: Corpse Rot
  2683 | D:4      | Reached skill level 1 in Fighting
  2683 | D:4      | Reached skill level 1 in Armour
  2848 | D:4      | Reached XP level 6. HP: 39/42 MP: 0/0
  3084 | D:4      | Reached skill level 3 in Dodging
  3557 | D:3      | Reached skill level 5 in Spellcasting
  4026 | D:4      | Found a hazy altar of Hepliaklqana.
  4103 | D:4      | Reached XP level 7. HP: 31/49 MP: 0/0
  4103 | D:4      | Learned a level 3 spell: Teleport Other
  4236 | D:4      | Found a glowing silver altar of Zin.
  4646 | D:5      | Entered Level 5 of the Dungeon
  4908 | D:5      | Identified the +9 hunting sling "Gecih" {flame, rPois rC-
                  | Will++ Int+4}
  4937 | D:5      | Reached skill level 4 in Dodging
  5245 | D:5      | Found an ornate altar of the Wu Jian Council.
  5276 | D:5      | Reached XP level 8. HP: 31/56 MP: 0/0
  5915 | D:6      | Found a staircase to the Ecumenical Temple.
  5922 | Temple   | Entered the Ecumenical Temple
  5959 | Temple   | Became a worshipper of Makhleb the Destroyer
  6175 | D:6      | Noticed a two-headed ogre
  6446 | D:7      | Reached skill level 5 in Dodging
  7080 | D:7      | Reached XP level 9. HP: 54/63 MP: 0/0
  7080 | D:7      | Learned a level 4 spell: Olgreb's Toxic Radiance
  7490 | D:7      | Reached skill level 6 in Dodging
  7494 | D:7      | Reached skill level 5 in Fighting
  7494 | D:7      | Reached skill level 5 in Armour
  7500 | D:7      | Reached * piety under Makhleb
  9007 | D:8      | Reached skill level 7 in Dodging
  9007 | D:8      | Reached XP level 10. HP: 41/72 MP: 0/0
  9162 | D:8      | Noticed a purple ugly thing
  9268 | D:8      | Noticed a two-headed ogre
  9279 | D:8      | Noticed Joseph
  9284 | D:8      | Killed a two-headed ogre
  9301 | D:8      | Noticed Maurice
  9513 | D:8      | Noticed Erica
  9530 | D:8      | Killed Erica
  9531 | D:8      | Reached skill level 8 in Dodging
  9756 | D:8      | Noticed a kobold demonologist
  9768 | D:8      | Killed a kobold demonologist
  9857 | D:8      | Noticed a catoblepas
  9875 | D:8      | Noticed a cyclops
  9912 | D:8      | Killed a cyclops
  9913 | D:8      | Reached XP level 11. HP: 34/79 MP: 0/0
  9913 | D:8      | Learned a level 5 spell: Borgnjor's Vile Clutch
 10119 | D:8      | Killed Maurice
 10320 | D:8      | Noticed Pikel
 10325 | D:8      | Killed Joseph
 10327 | D:8      | Killed Pikel
 10328 | D:8      | Reached skill level 9 in Dodging
 10442 | D:8      | Found a blossoming altar of Fedhas.
 10475 | D:8      | Reached ** piety under Makhleb
 10709 | D:8      | Identified the +1 falchion "Jodwe" {venom, *Corrode Str+5}
 10709 | D:8      | Noticed a centaur warrior
 10713 | D:8      | Shot with an arrow by a centaur warrior

Illustrated notes

Levels and vault maps discovered:
D:1:      tarquinn_simple_flora_water_f, layout_rooms,
          ebering_ecumenical_altar_sacrificial, minmay_misc_feat_nine_boxes
D:2:      layout_basic, minmay_misc_feat_ornament, st_stairs_11,
          minmay_lizard_pond
D:3:      layout_loops_ring, kennysheep_crisscross, roderic_lattice_a
D:4:      layout_gridville, lemuel_coloured_pillars_altar,
          nicolae_overflow_crystal_walls, saegor_snake_ambush
D:5:      layout_basic, nicolae_wu_jian_wuxing_cycle
D:6:      layout_loops_ring, minmay_temple_entry_hall, minmay_increasing_density
D:7:      layout_cave_pools, minivault_25
D:8:      minmay_the_grid_octo_tiled_octocenter
          [minmay_the_grid_octo_concentric, minmay_the_grid_octo_horde,
          minmay_the_grid_octo_fan_narrow, minmay_the_grid_octo_chip,
          minmay_the_grid_octo_prize_star, minmay_the_grid_square_5x5_trominoes,
          minmay_the_grid_square_5x5_doubleslash,
          minmay_the_grid_square_5x5_shrine1,
          minmay_the_grid_square_5x5_percent], layout_loops_ring,
          general_overflow_altar, uniq_pikel, uniq_maurice, uniq_joseph,
          uniq_erica
Temple:   nicolae_temple_hex_pool

Skill      XL: |  1  2  3  4  5  6  7  8  9 10 11 |
---------------+----------------------------------+-----
Spellcasting   | 4 5 6 7 |  7.9
Fighting       | 1 2 3 4 5 7 8 |  8.0
Armour         | 1 2 3 4 6 7 8 |  8.0
Dodging        | 3 4 5 7 8 9 |  9.2
Stealth        | |  1.5

Action                   |  1- 3 |  4- 6 |  7- 9 | 10-12 || total
-------------------------+-------+-------+-------+-------++-------
Melee: Unarmed           |       |       |       |     1 ||     1
 Cast: Magic Dart        |    68 |    97 |   124 |    44 ||   333
       Searing Ray       |     2 |     6 |    32 |    14 ||    54
       Corpse Rot        |       |     1 |       |       ||     1
       Iskenderun's Myst |       |     1 |    21 |    14 ||    36
       Sting             |       |       |     4 |     7 ||    11
       Olgreb's Toxic Ra |       |       |       |     7 ||     7
       Borgnjor's Vile C |       |       |       |     4 ||     4
  Use: Scroll            |       |       |     1 |       ||     1
Armor: Robe              |     2 |     1 |     6 |       ||     9
Dodge: Dodged            |     5 |    14 |    75 |    30 ||   124

Table legend: (Time is in decaauts)
 A = Elapsed time spent in this place.
 B = Non-inter-level travel time spent in this place.
 C = Inter-level travel time spent in this place.
 D = Time resting spent in this place.
 E = Time spent auto-exploring this place.
 F = Levels seen in this place.
 G = Mean time per level.
                   A        B        C        D        E       F      G
               +--------+--------+--------+--------+--------+-----+--------+
         Total |  10723 |  10405 |    318 |    676 |   8424 |   9 | 1191.4 |
       Dungeon |  10658 |  10369 |    289 |    676 |   8398 |   8 | 1332.2 |
        Temple |     64 |     35 |     29 |      0 |     26 |   1 |   64.0 |
               +--------+--------+--------+--------+--------+-----+--------+

Top non-repeatable levels by time:
     D:7: 2414 daAuts
     D:4: 1443 daAuts
     D:6: 1403 daAuts
     D:3: 1194 daAuts
     D:8: 1099 daAuts
     D:5: 1095 daAuts
     D:2: 1090 daAuts
     D:1: 917 daAuts
  Temple: 64 daAuts
